 Dungeon Crawl Stone Soup version 0.25-b1-23-ge2ad7d536c (webtiles) character file.

Game seed: 17287911662879072083, levelgen mode: deterministic

4 Esekla the Magician (level 1, 9/11 HPs)
             Began as an Octopode Wizard on June 3, 2020.
             Got out of the dungeon alive.
             The game lasted 00:02:13 (158 turns).

Esekla the Magician (Octopode Wizard)                Turns: 158, Time: 00:02:14

Health: 9/11       AC:  1    Str:  6    XL:     1   Next: 70%
Magic:  4/4        EV: 13    Int: 20    God:
Gold:   12         SH:  0    Dex: 10    Spells: 5/6 levels left

rFire    . . .     SeeInvis .   f - -3 hand axe (curse)
rCold    . . .     Gourm    .   (no shield)
rNeg     . . .     Faith    .   a - +0 hat
rPois    .         Spirit   .   (no amulet)
rElec    .         Reflect  .   (no ring)
rCorr    .         Harm     .   (no ring)
MR       .....                  (no ring)
Stlth    +++.......             (no ring)
HPRegen  0.03/turn              (no ring)
MPRegen  0.09/turn              (no ring)
                                (no ring)
                                (no ring)

@: no status effects
A: almost no armour, stealthy swim, amphibious, 8 rings, constrict 8, camouflage
1, gelatinous body 1
a: no special abilities


You escaped.
You were not hungry.

You visited 1 branch of the dungeon, and saw 1 of its levels.

You collected 12 gold pieces.

Inventory:

Hand Weapons
 f - a cursed -3 hand axe (weapon)
Armour
 a - a +0 hat (worn)
Scrolls
 b - a scroll of blinking {unknown}
 d - a scroll of identify {unknown}
 e - a scroll of remove curse {unknown}
Comestibles
 c - a ration


   Skills:
 + Level 2.1 Dodging
 + Level 2.6 Stealth
 + Level 3.1 Spellcasting
 + Level 1.2 Conjurations
   Level 1.0 Summonings
   Level 1.0 Translocations


You had 5 spell levels left.
You knew the following spells:

 Your Spells              Type           Power        Failure   Level  Hunger
a - Magic Dart            Conj           #...         9%          1    None

Your spell library contained the following spells:

 Spells                   Type           Power        Failure   Level  Hunger
 Blink                    Tloc           N/A          14%         2    ##.....
 Call Imp                 Summ           #.......     14%         2    ##.....
 Slow                     Hex            #.......     22%         2    ##.....
 Conjure Flame            Conj/Fire      #.......     32%         3    ###....
 Mephitic Cloud           Conj/Pois/Air  #.......     34%         3    ###....


Dungeon Overview and Level Annotations

Branches:
Dungeon (1/15)

Altars:


Innate Abilities, Weirdness & Mutations

You cannot wear most types of armour.
You are very stealthy in the water. (Stealth+)
You are amphibious.
You can wear up to eight rings at the same time.
You can use your tentacles to constrict eight enemies at once.
Your skin changes colour to match your surroundings (Stealth+).
Your rubbery body absorbs attacks. (AC +1, EV +1)


Message History

A rat comes into view.
It sticks to your tentacle!
f - a cursed -3 hand axe (weapon)
The bat barely misses you.
The rat twitches its whiskers.
There is a stone staircase leading down here.
The bat closely misses you. The bat barely misses you.
A giant cockroach comes into view.
The bat barely misses you. The bat hits you.
The bat hits you but does no damage. The bat misses you.
The bat closely misses you.
There is a staircase leading out of the dungeon here.
Are you sure you want to leave the Dungeon?
This will make you lose the game!
Alright, then stay!
Are you sure you want to leave the Dungeon?
This will make you lose the game! The bat barely misses you.
The giant cockroach barely misses you.
You have escaped!

# #...#### ..###.)..#
K.#.......##.### #...
.....##...## #..# # #.......##
##..# ####.8......# .#.# #...
#§≈≈........# ... #..#
#≈≈§≈.......## [.# #..##
#>≈§b.@8..8..## ..#
#...###§≈≈≈.s.......##..##
#.#..##§≈≈..........#....#
#####.##.#####.8r.......#....#
#...h....#####...............#
#............†....######.#####
#.......########.### #.#
#.......# #...# #.# #.......#
###>..#####.#


You could see a giant cockroach, a bat and a rat.

Vanquished Creatures
  A bat (D:1)
  2 jackals (D:1)
  A rat (D:1)
4 creatures vanquished.

Notes
Turn   | Place    | Note
-------+----------+-------------------------------------------
     0 | D:1      | Esekla the Octopode Wizard began the quest for the Orb.
     0 | D:1      | Reached XP level 1. HP: 11/11 MP: 4/4
   158 | D:$      | Got out of the dungeon alive.

Illustrated notes

Levels and vault maps discovered:
D:1:      grunt_arrival_lava_bath, layout_rooms

Action                   || total
-------------------------++-------
Melee: Unarmed           ||     4
       Constrict         ||     1
       Tentacles         ||     1
 Cast: Magic Dart        ||     8
Armor: Skin              ||     4
Dodge: Dodged            ||    15
